 Dungeon Crawl Stone Soup version 0.24.0-125-gc4c63601f3 (webtiles) character file.

Game seed: 7083742202854870564, levelgen mode: deterministic

411799 hazymike the Unseen (level 23, -14/135 HPs)
             Began as a Vine Stalker Assassin on Feb 18, 2020.
             Was the Champion of Wu Jian.
             Shot with a bolt by a yaktaur captain (29 damage)
             ... on level 15 of the Dungeon on Feb 19, 2020.
             The game lasted 08:50:50 (55644 turns).

hazymike the Unseen (Vine Stalker Assassin)        Turns: 55644, Time: 08:50:51

Health: -14/135    AC: 20    Str: 16    XL:     23   Next: 52%
Magic:  0/18       EV: 19    Int: 18    God:    Wu Jian [******]
Gold:   3182       SH: 20    Dex: 27    Spells: 9/26 levels left

rFire    . . .     SeeInvis +   a - +3 dagger (elec)
rCold    . . .     Gourm    .   s - +2 shield {rPois}
rNeg     . . .     Faith    .   O - +2 scale mail {MR+}
rPois    +         Spirit   +   n - +1 helmet {Int+3}
rElec    .         Reflect  +   N - +2 cloak {MR+}
rCorr    .         Harm     .   h - +1 pair of gloves {Dex+3}
MR       ++++.                  B - +0 pair of boots
Stlth    +++++++...             H - +3 amulet of reflection
HPRegen  1.12/turn              D - ring of see invisible
MPRegen  0.16/turn              c - ring "Vewihyck" {Wiz +Inv rPois MP-9 Int+4}

@: no status effects
A: fangs 3, regeneration 2, magic shield, antimagic bite, no potion heal 3, rot
immunity
}: 2/15 runes: decaying, gossamer
a: Wall Jump, Serpent's Lash, Heavenly Storm, Renounce Religion, Evoke
Invisibility


You were on level 15 of the Dungeon.
You worshipped Wu Jian.
Wu Jian was exalted by your worship.
You were hungry.

You visited 9 branches of the dungeon, and saw 40 of its levels.
You visited 2 bazaars.
You also visited: Sewer, Gauntlet and Ice Cave.

You collected 6503 gold pieces.
You spent 3321 gold pieces at shops.

Inventory:

Hand Weapons
 a - a +3 dagger of electrocution (weapon)
 b - a +6 quick blade
 r - a +3 scimitar of holy wrath
Missiles
 v - 3 atropa-tipped darts
 x - 6 datura-tipped darts
 U - 23 curare-tipped darts (quivered)
 V - a throwing net
Armour
 h - a +1 pair of gloves of dexterity (worn)
 n - a +1 helmet of intelligence (worn)
 s - a +2 shield of poison resistance (worn)
 u - +2 ice dragon scales
 B - a +0 pair of boots (worn)
 F - +4 storm dragon scales {Bai Suzhen}
 N - a +2 cloak of magic resistance (worn)
 O - a +2 scale mail of magic resistance (worn)
Jewellery
 c - the ring "Vewihyck" (right hand) {Wiz +Inv rPois MP-9 Int+4}
   (You took it off a deep elf annihilator on level 3 of the Elven Halls)

   [ring of wizardry]

   It improves your spell success rate.
   It affects your intelligence (+4).
   It protects you from poison.
   It affects your magic capacity (-9).
   It lets you turn invisible.
 D - a ring of see invisible (left hand)
 G - an uncursed ring of protection from cold
 H - a +3 amulet of reflection (around neck)
 I - an uncursed ring of protection from fire
 R - an uncursed ring of resist corrosion
 S - the amulet "Zesyp" {Acrobat rF+}
   (You acquired it on level 4 of the Vaults)

   [amulet of the acrobat]

   It helps you evade while moving and waiting.
   It protects you from fire.
Wands
 y - a wand of acid (18)
 E - a wand of digging (22)
 J - a wand of polymorph (50)
 L - a wand of paralysis (35)
 Q - a wand of enslavement (16)
 Y - a wand of iceblast (32)
Scrolls
 d - 2 scrolls of silence
 g - 4 scrolls of blinking
 j - 13 scrolls of remove curse
 k - 10 scrolls of teleportation
 o - a scroll of fear
 M - 4 scrolls of immolation
 X - 5 scrolls of fog
 Z - 3 scrolls of vulnerability
Potions
 e - 3 potions of haste
 i - 7 potions of flight
 l - 4 potions of agility
 m - 2 potions of invisibility
 p - a potion of resistance
 q - 6 potions of brilliance
 t - 9 potions of might
 w - 14 potions of curing
 z - 5 potions of magic
 C - 4 potions of cancellation
 K - 9 potions of ambrosia
 P - 5 potions of berserk rage
 W - 3 potions of lignification
Comestibles
 f - 63 rations


   Skills:
 + Level 19.2 Fighting
 - Level 14.0 Short Blades
 - Level 2.0 Throwing
 + Level 10.8 Armour
 + Level 10.8 Dodging
 + Level 20.4 Stealth
 + Level 14.6 Shields
 - Level 2.0 Spellcasting
 - Level 9.0 Hexes
 - Level 6.0 Summonings
 - Level 4.0 Necromancy
 + Level 4.4 Translocations
 + Level 1.4 Evocations


You had 9 spell levels left.
You knew the following spells:

 Your Spells              Type           Power        Failure   Level  Hunger
a - Confusing Touch       Hex            ####..       1%          1    #......
b - Animate Skeleton      Necr           N/A          4%          1    #......
c - Tukima's Dance        Hex            ####....     1%          3    ###....
d - Apportation           Tloc           ###...       3%          1    #......
e - Summon Butterflies    Summ           ###.....     1%          1    #......
f - Slow                  Hex            ####....     1%          2    ###....
g - Blink                 Tloc           N/A          5%          2    ###....
h - Invisibility          Hex            ####....     58%         6    #######

Your spell library contained the following spells:

 Spells                   Type           Power        Failure   Level  Hunger
 Summon Small Mammal      Summ           ###.         1%          1    #......
 Confuse                  Hex            ####....     1%          3    ###....
 Call Imp                 Summ           ###.....     2%          2    ###....
 Summon Guardian Golem    Hex/Summ       ####....     2%          3    ###....
 Pain                     Necr           ###.         4%          1    #......
 Portal Projectile        Hex/Tloc       ####..       4%          3    ###....
 Call Canine Familiar     Summ           ###.....     5%          3    ###....
 Cause Fear               Hex            ####......   5%          4    #####..
 Corpse Rot               Necr           N/A          6%          2    ###....
 Recall                   Summ/Tloc      N/A          8%          3    ###....
 Dazzling Spray           Conj/Hex       ###...       10%         3    ###....
 Inner Flame              Hex/Fire       ###.....     10%         3    ###....
 Gell's Gravitas          Tloc           ###.......   11%         3    ###....
 Lesser Beckoning         Tloc           ###.......   11%         3    ###....
 Vampiric Draining        Necr           ###.......   12%         3    ###....
 Flame Tongue             Conj/Fire      #....        21%         1    #......
 Magic Dart               Conj           #...         21%         1    #......
 Regeneration             Chrm/Necr      #.........   26%         3    ###....
 Summon Mana Viper        Hex/Summ       ####....     26%         5    ######.
 Passwall                 Tmut/Erth      #.......     30%         2    ###....
 Searing Ray              Conj           #.....       30%         2    ###....
 Swiftness                Chrm/Air       #.......     30%         2    ###....
 Throw Flame              Conj/Fire      #.....       30%         2    ###....
 Fulminant Prism          Conj/Hex       ###.......   32%         4    #####..
 Leda's Liquefaction      Hex/Erth       ###.......   32%         4    #####..
 Passage of Golubria      Tloc           N/A          32%         4    #####..
 Animate Dead             Necr           N/A          36%         4    #####..
 Conjure Flame            Conj/Fire      #.......     50%         3    ###....
 Mephitic Cloud           Conj/Pois/Air  #.......     50%         3    ###....
 Stone Arrow              Conj/Erth      #.....       50%         3    ###....
 Summon Ice Beast         Ice/Summ       ##......     50%         4    #####..
 Summon Lightning Spire   Summ/Air       ##......     50%         4    #####..
 Summon Forest            Summ/Tloc      ###.......   52%         5    ######.
 Darkness                 Hex            ####......   58%         6    #######
 Force Lance              Conj/Tloc      #.......     61%         4    #####..
 Metabolic Englaciation   Hex/Ice        ###.......   63%         5    ######.
 Silence                  Hex/Air        ###.......   63%         5    ######.
 Yara's Violent Unravell  Hex/Tmut       ###.......   63%         5    ######.
 Ice Form                 Ice/Tmut       #.......     87%         4    #####..
 Iskenderun's Mystic Bla  Conj           #.......     87%         4    #####..
 Sticky Flame             Conj/Fire      #.......     87%         4    #####..
 Borgnjor's Vile Clutch   Necr/Erth      #.........   91%         5    ######.
 Alistair's Intoxication  Tmut/Pois      #.......     99%         5    ######.
 Bolt of Magma            Conj/Fire/Erth #.........   99%         5    ######.
 Fireball                 Conj/Fire      #.........   99%         5    ######.
 Irradiate                Conj/Tmut      #.........   99%         5    ######.
 Lee's Rapid Deconstruct  Erth           #.........   99%         5    ######.
 Death Channel            Necr           ###.......   99%         6    #######
 Dispersal                Tloc           ###.......   99%         6    #######
 Bolt of Cold             Conj/Ice       #.........   100%        6    #######
 Bolt of Fire             Conj/Fire      #.........   100%        6    #######
 Freezing Cloud           Conj/Ice/Air   #.........   100%        6    #######
 Hydra Form               Tmut           #.........   100%        6    #######
 Iron Shot                Conj/Erth      #.........   100%        6    #######
 Ozocubu's Refrigeration  Ice            #.........   100%        6    #######
 Simulacrum               Ice/Necr       #.........   100%        6    #######
 Statue Form              Tmut/Erth      #........    100%        6    #######
 Dragon Form              Tmut           #.........   100%        7    #######
 Summon Hydra             Summ           ###.......   100%        7    #######
 Controlled Blink         Tloc           N/A          100%        8    #######
 Disjunction              Tloc           ###.......   100%        8    #######
 Dragon's Call            Summ           ###.......   100%        9    #######
 Shatter                  Erth           #.........   100%        9    #######


Dungeon Overview and Level Annotations

Branches:
Dungeon (15/15)            Temple (1/1) D:5            Lair (6/6) D:9
  Swamp (4/4) Lair:2       Spider (4/4) Lair:3        Slime (0/5) Lair:6
    Orc (2/2) D:9             Elf (3/3) Orc:2        Vaults (4/5) D:14
  Crypt (0/3) Vaults:2     Depths (1/5) D:15          Sewer (visited)
  IceCv (visited)         Gauntlet (visited)

Altars:
Ashenzari
Cheibriados
Dithmenos
Elyvilon
Fedhas
Gozag
Hepliaklqana
Kikubaaqudgha
Makhleb
Nemelex Xobeh
Okawaru
Qazlal
Ru
Sif Muna
Trog
Uskayaw
Vehumet
Wu Jian
Xom
Yredelemnul
Zin
The Shining One
Beogh
Jiyva

Shops:
D:9 *   D:10 (   D:11 !   Orc:1 *%*   Orc:2 [[?}   Elf:2 %:(   Elf:3 %
Vaults:1 [*   Vaults:2 [   Vaults:3 =   Vaults:4 *(*

Annotations:
D:1 exclusions: naga and troll
D:10 2 transporters, laxxamousse2's ghost, novice GrFi
Swamp:1 1 runed translucent door, LostGamesStreakFreak's ghost, journeyman TrAK; Roxanne
Vaults:3 exclusion: 3 doors


Innate Abilities, Weirdness & Mutations

You have razor-sharp teeth.
You heal very quickly.
When hurt, damage is shared between your health and your magic reserves.
Your bite disrupts and absorbs the magic of your enemies.
Potions cannot restore your health.
You are immune to rotting.


Message History

You block the cyan very ugly thing's attack.
You block the yaktaur captain's attack.
You hit the cyan very ugly thing.
You bite the cyan very ugly thing, but do no damage.
The cyan very ugly thing is almost dead.
The slime creature misses you.
You puncture the cyan very ugly thing! You bite the cyan very ugly thing.
You drain its power.
The cyan very ugly thing is almost dead.
The cyan very ugly thing bites you! The cyan very ugly thing shocks you!!
* * * LOW HITPOINT WARNING * * *
The yaktaur captain hits you!!
* * * LOW HITPOINT WARNING * * *
You spin and attack the cyan very ugly thing repeatedly.
You hit the cyan very ugly thing. You bite the cyan very ugly thing.
You kill the cyan very ugly thing!
The Council accepts your kill.
The yaktaur captain wields a +0 arbalest.
The yaktaur captain shoots a bolt.
The bolt hits you!!
You die...

###.###.#########........#.....#
.#.##
#...............[..#.....## #.##
####.######................ #†#
#.# ##......##.....## #.# #.#
#................ #.# #.#
####.#..####.#### #.#
##.#######c###..# #.####
#.#######....?.##)[)##..# #.....
#.##...........#@J#[)##.# ######
#.##.##.#....###).#..##.#
#.##.##.##.#...#..#..#..#
#.##.##[##.#..##..#..####
#.##..#.##.#..##.)#..#
#.###.........###...##
#.........###.# ##[####
######### #####.....#
#.####.##.###......(.
#.#.#.###....#.....##.#######


You could see a yaktaur captain and a slime creature.

Vanquished Creatures
  Mara (Vaults:3)
  Sojobo (Vaults:4)
  Bai Suzhen (Swamp:3)
  Saint Roka (Orc:2)
  Arachne (Spider:2)
  The ghost of TPoD the Slayer, an adept HOMo of Beogh (Vaults:2)
  Jorgrun (Spider:2)
  2 deep elf blademasters (Elf:3)
  2 deep elf master archers (Elf:3)
  Asterion (Vaults:4)
  Frances (Spider:2)
  3 thorn hunters
  Agnes (Vaults:4)
  Kirke (Swamp:4)
  5 deep elf sorcerers
  A tengu reaver (Vaults:4)
  4 ghost moths
  2 orc warlords
  An emperor scorpion (shapeshifter) (Elf:3)
  Louise (Swamp:4)
  7 emperor scorpions
  4 vault wardens
  13 ironheart preservers
  11 very ugly things
  6 deep elf elementalists (Elf:3)
  4 entropy weavers
  A war gargoyle (Vaults:1)
  3 stone giants
  Nessos (D:15)
  8 deep elf annihilators
  8 deep elf demonologists
  A minotaur (Gauntlet)
  A spark wasp (Spider:3)
  A white draconian (IceCv)
  2 green deaths (Swamp:4)
  5 ettins
  A death ooze (Swamp:4)
  5 fire dragons
  Snorg (D:12)
  2 deep elf high priests (Elf:3)
  6 deep elf death magi (Elf:3)
  2 rakshasas (D:15)
  Josephine (Lair:5)
  A great orb of eyes (Vaults:4)
  4 yaktaur captains
  6 vault guards
  A catoblepas (Lair:6)
  2 hell beasts (Swamp:4)
  19 hydras
  3 ice dragons
  4 shambling mangroves
  Erica (D:11)
  4 centaur warriors
  A ghost crab (Swamp:4)
  24 dancing weapons
  14 alligators
  13 ogre magi
  A tengu warrior (D:15)
  35 two-headed ogres
  3 death knights
  The ghost of MisterT the Spear-Bearer, a novice HOFi of Beogh (D:7)
  2 thrashing horrors (Swamp:4)
  3 death yaks (IceCv)
  2 large abominations (Swamp:4)
  24 deep elf knights
  A storm dragon zombie (Vaults:4)
  Nergalle (Orc:2)
  A skeletal warrior (Vaults:2)
  A fire crab (shapeshifter) (Vaults:3)
  A fire crab (Gauntlet)
  Sonja (Lair:3)
  The ghost of MisterT the Cleaver, a novice HOFi (D:7)
  A shadow wraith (Vaults:4)
  An unseen horror (shapeshifter) (Vaults:1)
  4 deep trolls (Vaults:4)
  3 spriggan druids
  2 unseen horrors
  9 ironbrand convokers
  8 swamp dragons
  2 necromancers
  3 wizards
  20 deep elf archers
  3 glowing orange brains
  13 harpies
  Pikel (D:9)
  A wolf spider zombie (D:14)
  74 deep elf magi
  A lindwurm (Lair:3)
  21 orb spiders
  30 ugly things
  10 orc knights
  8 orc sorcerers
  40 wolf spiders
  A human zombie (Vaults:1)
  7 cyclopes
  A worldbinder (Gauntlet)
  3 elephants
  An orange demon (Swamp:4)
  5 black mambas
  An apocalypse crab (Gauntlet)
  A guardian serpent (shapeshifter) (Vaults:3)
  10 vault sentinels
  3 rime drakes
  14 spiny frogs
  An ice statue (IceCv)
  7 demonic crawlers
  An efreet (D:15)
  12 komodo dragons
  2 freezing wraiths
  A kobold demonologist (D:14)
  11 yaktaurs
  A human skeleton (Vaults:1)
  9 trolls
  11 tyrant leeches
  A yaktaur skeleton (Vaults:1)
  33 jumping spiders
  25 hornets
  3 meliai (D:14)
  21 polar bears
  A blink frog (shapeshifter) (D:13)
  A meliai zombie (D:13)
  18 blink frogs
  7 hippogriffs
  24 slime creatures
  11 bog bodies
  The ghost of LostGamesStreakFreak the Caller, an amateur MfSu (D:7)
  A raiju (shapeshifter) (Vaults:4)
  7 dream sheep
  67 redbacks
  4 air elementals (Elf:2)
  9 shadows
  3 water elementals
  17 spriggans
  31 tarantellas
  2 wyverns
  An ettin skeleton (Vaults:4)
  A spriggan (shapeshifter) (Elf:3)
  2 fire elementals
  7 wraiths
  A yak (shapeshifter) (Vaults:3)
  A human (shapeshifter) (Vaults:2)
  4 basilisks
  4 fire bats (Gauntlet)
  54 yaks
  A basilisk (shapeshifter) (Elf:3)
  A hungry ghost (D:14)
  A hog (shapeshifter) (Vaults:1)
  2 hogs (Swamp:4)
  7 vampire mosquitoes
  3 yaktaur simulacra
  9 wargs
  A deep troll zombie (Vaults:4)
  14 insubstantial wisps
  13 swamp worms
  An acid dragon (shapeshifter) (Vaults:4)
  2 soldier ants (D:10)
  3 hell hounds (Gauntlet)
  3 acid dragons
  14 water moccasins
  7 porcupines
  Duvessa (D:5)
  34 orc warriors
  9 swamp drakes
  3 ice beasts
  A necrophage (D:11)
  25 ogres
  5 black bears (Lair:6)
  2 eyes of draining (D:15)
  33 wolves
  8 boggarts
  3 phantoms
  8 centaurs
  9 crocodiles
  26 bullfrogs
  2 earth elementals (Elf:3)
  A gnoll sergeant (D:7)
  Dowan (D:5)
  A wyvern skeleton (D:14)
  8 scorpions
  A hornet simulacrum (D:15)
  A water moccasin skeleton (D:6)
  An elf simulacrum (Vaults:4)
  A human simulacrum (Vaults:2)
  3 killer bees (D:12)
  8 wights
  12 electric eels
  4 howler monkeys (D:10)
  3 bullfrog zombies
  4 jellies
  5 centaur zombies
  6 crimson imps
  A quasit (D:6)
  8 hounds
  3 bullfrog skeletons
  5 centaur skeletons
  30 orc priests
  39 orc wizards
  7 iguanas
  A hell rat (D:8)
  9 worker ants
  2 worker ant zombies
  5 gnolls
  A howler monkey skeleton (D:8)
  A howler monkey zombie (D:9)
  6 river rats (D:8)
  10 adders
  6 shadow imps
  5 oozes
  8 worms
  A dart slug (D:1)
  12 leopard geckos
  123 orcs
  12 giant cockroaches
  9 goblins
  6 hobgoblins
  28 jackals
  3 quokkas
  4 ball pythons
  15 bats
  9 frilled lizards
  6 kobolds
  19 rats
  2 butterflies (Lair:2)
  2 plants (Lair:1)
1730 creatures vanquished.

Vanquished Creatures (collateral kills)
  A sphinx (Vaults:4)
  A vault warden (Vaults:4)
  A deep elf elementalist (Elf:3)
  A yaktaur captain (Vaults:3)
  A two-headed ogre (D:15)
  2 deep elf knights
  A deep elf archer (Elf:3)
  An orc knight (Vaults:4)
  3 wolf spiders (Vaults:4)
  A deep elf mage (Elf:1)
  A faun (shapeshifter) (Vaults:4)
  A spiny frog (Lair:3)
  2 yaktaurs (Vaults:3)
  A jumping spider (Vaults:4)
  A troll (Vaults:4)
  2 bog bodies (Swamp:4)
  2 blink frogs (Swamp:4)
  A redback (Vaults:4)
  2 vampire mosquitoes (Swamp:4)
  A swamp worm (Swamp:4)
  An orc warrior (Vaults:4)
  2 ogres
  An orc priest (Vaults:4)
  2 orcs (Vaults:4)
  A withered plant (Vaults:2)
34 creatures vanquished.

Vanquished Creatures (others)
  A stone giant (Vaults:4)
  2 yaktaurs
  A slime creature (Depths:1)
  A slave (D:9)
  An ogre (D:9)
  A swamp drake (Swamp:3)
  2 orc wizards
  An orc (D:9)
  5 briar patches
  26 fungi
  7 plants
48 creatures vanquished.

Grand Total: 1812 creatures vanquished

Notes
Turn   | Place    | Note
-------+----------+-------------------------------------------
     0 | D:1      | hazymike the Vine Stalker Assassin began the quest for the
                  | Orb.
     0 | D:1      | Reached XP level 1. HP: 11/11 MP: 2/2
     3 | D:1      | Noticed a naga
     8 | D:1      | Noticed an octopode
    17 | D:1      | Noticed a centaur
    19 | D:1      | Noticed a troll
    23 | D:1      | Noticed a merfolk zombie
   157 | D:1      | Reached XP level 2. HP: 4/15 MP: 0/3
   495 | D:1      | Reached skill level 5 in Stealth
   540 | D:1      | Reached skill level 1 in Dodging
   666 | D:1      | Reached XP level 3. HP: 18/18 MP: 4/4
  1405 | D:2      | Gained mutation: Your natural rate of healing is unusually
                  | fast. [Vine Stalker growth]
  1405 | D:2      | Reached XP level 4. HP: 18/23 MP: 5/5
  2232 | D:3      | Found a glowing drain.
  2263 | Sewer    | Entered a sewer
  2325 | Sewer    | Reached XP level 5. HP: 27/27 MP: 6/6
  3741 | D:4      | Reached XP level 6. HP: 32/32 MP: 7/7
  3923 | D:4      | Reached skill level 6 in Stealth
  4162 | D:4      | Reached XP level 7. HP: 32/36 MP: 8/8
  4501 | D:4      | Found a basalt altar of Yredelemnul.
  4519 | D:4      | Found a glowing golden altar of the Shining One.
  4904 | D:4      | Noticed an angel
  4925 | D:5      | Entered Level 5 of the Dungeon
  5005 | D:5      | Reached skill level 5 in Short Blades
  5052 | D:5      | Noticed Dowan
  5296 | D:5      | Noticed Duvessa
  5312 | D:5      | Killed Duvessa
  5312 | D:5      | Gained mutation: You have razor-sharp teeth. [Vine Stalker
                  | growth]
  5312 | D:5      | Reached XP level 8. HP: 25/42 MP: 5/9
  5407 | D:5      | Reached skill level 7 in Stealth
  5447 | D:5      | Found a staircase to the Ecumenical Temple.
  5462 | D:5      | Killed Dowan
  5566 | D:5      | Found an iron altar of Okawaru.
  5842 | D:5      | Found a hazy altar of Hepliaklqana.
  6023 | D:6      | Found a bloodstained altar of Trog.
  6865 | Temple   | Entered the Ecumenical Temple
  7052 | Temple   | Became a worshipper of the Wu Jian Council
  7566 | D:7      | Reached skill level 8 in Stealth
  7566 | D:7      | Reached XP level 9. HP: 46/46 MP: 10/10
  7581 | D:7      | Found a hide-covered altar of Uskayaw.
  7582 | D:7      | Noticed a +0 dagger
  7582 | D:7      | Noticed a +0 dagger
  7632 | D:7      | Found a shimmering blue altar of Sif Muna.
  7691 | D:7      | HP: 1/46 [poisoned by a gnoll sergeant]
  7802 | D:7      | Found a runed translucent gate.
  7802 | D:7      | Found a runed translucent gate.
  7802 | D:7      | Found a runed translucent gate.
  7802 | D:7      | Noticed MisterT's ghost (novice HOFi)
  7803 | D:7      | Noticed MisterT's ghost (novice HOFi)
  7803 | D:7      | Noticed LostGamesStreakFreak's ghost (amateur MfSu)
  7923 | D:7      | Reached skill level 5 in Fighting
  8020 | D:7      | Learned a level 1 spell: Confusing Touch
  8320 | D:8      | Found a shadowy altar of Dithmenos.
  8351 | D:8      | Reached * piety under Wu Jian
  8351 | D:8      | Reached skill level 1 in Shields
  8351 | D:8      | Reached skill level 1 in Hexes
  8367 | D:8      | Reached skill level 1 in Spellcasting
  8701 | D:8      | Found a sparkling altar of Nemelex Xobeh.
  9021 | D:8      | Reached ** piety under Wu Jian
  9043 | D:8      | Found the +2 ratskin cloak {+Rats rPois rN+ Str-1 Int-1
                  | Dex+1}
  9206 | D:8      | Found a sacrificial altar of Ru.
  9206 | D:8      | Found a bloodstained altar of Trog.
  9220 | D:8      | Reached XP level 10. HP: 61/61 MP: 13/13
  9258 | D:9      | Noticed Pikel
  9632 | D:9      | Found a staircase to the Lair.
  9703 | D:9      | Found a shimmering altar of Xom.
  9756 | D:9      | Killed Pikel
  9788 | D:9      | Found an opulent altar of Gozag.
  9798 | D:9      | Found Nynaehaps's General Store.
  9806 | D:9      | Bought a scroll of identify for 24 gold pieces
  9806 | D:9      | Bought a potion of curing for 36 gold pieces
  9806 | D:9      | Bought 6 datura-tipped darts for 28 gold pieces
  9806 | D:9      | Bought a potion of might for 48 gold pieces
  9806 | D:9      | Bought a +2 scale mail of cold resistance for 252 gold
                  | pieces
  9940 | D:9      | Found a staircase to the Orcish Mines.
  9994 | D:9      | Reached XP level 11. HP: 44/65 MP: 12/15
 10319 | D:9      | Reached *** piety under Wu Jian
 10387 | D:10     | Entered Level 10 of the Dungeon
 10477 | D:10     | Found a transporter.
 10477 | D:10     | Found a transporter.
 10506 | D:10     | Noticed a two-headed ogre
 10507 | D:10     | Found a bloodstained altar of Trog.
 10507 | D:10     | Noticed a cyclops
 10518 | D:10     | Noticed a moth of wrath
 10713 | D:10     | Reached skill level 5 in Dodging
 10722 | D:10     | Identified the +9 long sword of a volcano {vamp, Fragile
                  | rElec rPois SInv}
 10724 | D:10     | Noticed a two-headed ogre
 10793 | D:10     | Found Ypry's Weapon Shoppe.
 11050 | D:10     | Noticed laxxamousse2's ghost (novice GrFi)
 11643 | D:11     | Noticed a white ugly thing
 11649 | D:11     | Killed a white ugly thing
 11735 | D:11     | Noticed a cyclops
 11771 | D:11     | Reached **** piety under Wu Jian
 11916 | D:11     | Found Efuar's Distillery.
 12103 | D:11     | Noticed a red ugly thing
 12115 | D:11     | Killed a red ugly thing
 12242 | D:11     | Noticed Erica
 12682 | D:11     | Killed Erica
 12756 | D:11     | Killed a cyclops
 12761 | D:11     | Learned a level 1 spell: Animate Skeleton
 12765 | D:11     | Learned a level 3 spell: Tukima's Dance
 12767 | D:11     | Learned a level 1 spell: Apportation
 12769 | D:11     | Learned a level 1 spell: Summon Butterflies
 12894 | D:7      | Killed MisterT's ghost
 12894 | D:7      | Gained mutation: You heal very quickly. [Vine Stalker
                  | growth]
 12894 | D:7      | Reached XP level 12. HP: 61/71 MP: 12/16
 12943 | D:7      | Killed MisterT's ghost
 12947 | D:7      | Killed LostGamesStreakFreak's ghost
 12947 | D:7      | Reached skill level 1 in Summonings
 12947 | D:7      | Reached skill level 1 in Necromancy
 12947 | D:7      | Reached skill level 1 in Translocations
 13046 | Lair:1   | Entered Level 1 of the Lair of Beasts
 13521 | Lair:1   | Reached ***** piety under Wu Jian
 14097 | Lair:2   | Found a frozen archway.
 14217 | Lair:2   | Reached skill level 10 in Short Blades
 14242 | IceCv    | Entered an ice cave
 14759 | IceCv    | Noticed a death yak
 14819 | IceCv    | Killed a death yak
 14819 | IceCv    | Reached XP level 13. HP: 71/78 MP: 14/17
 14974 | IceCv    | Noticed a white draconian
 15005 | IceCv    | Killed a white draconian
 15062 | IceCv    | Found the +9 staff of Wucad Mu {channel}
 16067 | Lair:2   | Found a staircase to the Swamp.
 16081 | Lair:2   | Reached skill level 1 in Armour
 16375 | Lair:3   | Noticed Sonja
 16516 | Lair:3   | Found a hole to the Spider Nest.
 17120 | Lair:3   | Killed Sonja
 17337 | Lair:4   | Reached skill level 9 in Stealth
 17709 | Lair:4   | Reached ****** piety under Wu Jian
 18042 | Lair:5   | You fall into a shaft and drop 1 floor!
 18042 | Lair:6   | Entered Level 6 of the Lair of Beasts
 18114 | Lair:6   | Reached XP level 14. HP: 74/84 MP: 18/18
 18500 | Lair:5   | Reached skill level 15 in Fighting
 18817 | Lair:5   | Noticed Josephine
 18856 | Lair:5   | Killed Josephine
 18868 | Lair:5   | Reached skill level 10 in Stealth
 19424 | Lair:6   | Found a viscous altar of Jiyva.
 19424 | Lair:6   | Found a staircase to the Slime Pits.
 20102 | Lair:6   | Reached skill level 11 in Stealth
 20427 | Lair:6   | Reached skill level 5 in Armour
 20955 | D:12     | Noticed Snorg
 20962 | D:12     | Killed Snorg
 21582 | Orc:1    | Entered Level 1 of the Orcish Mines
 21582 | Orc:1    | Noticed an orc warlord
 21784 | D:9      | Killed an orc warlord
 21784 | D:9      | Reached XP level 15. HP: 47/90 MP: 10/19
 21885 | Orc:1    | Found a roughly hewn altar of Beogh.
 21950 | Orc:2    | Entered Level 2 of the Orcish Mines
 22031 | Orc:2    | Found a staircase to the Elven Halls.
 22070 | Orc:1    | Found Ziutitett's General Store.
 22360 | Orc:1    | Found Murugixt's General Store.
 22361 | Orc:1    | Found Unequscho's Food Shoppe.
 22693 | Orc:1    | Reached skill level 5 in Hexes
 23006 | Orc:2    | Noticed Saint Roka
 23215 | Orc:2    | Killed Saint Roka
 23354 | Orc:2    | Paralysed by an orc sorcerer for 7 turns
 23574 | Orc:2    | Found Teuxawne's Antique Armour Shoppe.
 23619 | Orc:2    | Found an ancient bone altar of Kikubaaqudgha.
 23620 | Orc:2    | Noticed Nergalle
 23631 | Orc:2    | Killed Nergalle
 23662 | Orc:2    | Reached skill level 12 in Stealth
 23772 | Orc:2    | Found Cestroze's Gadget Emporium.
 23799 | Orc:2    | Found a radiant altar of Vehumet.
 23869 | Orc:2    | Found a roughly hewn altar of Beogh.
 23870 | Orc:2    | Found Huwaogyhyil's Antique Armour Emporium.
 23875 | Orc:2    | Reached skill level 5 in Shields
 23891 | Orc:2    | Found Coysse Udde's Magic Scroll Shoppe.
 23946 | Orc:2    | Bought a scroll of holy word for 120 gold pieces
 23946 | Orc:2    | Bought a scroll of teleportation for 48 gold pieces
 23946 | Orc:2    | Bought 2 scrolls of noise for 32 gold pieces
 24186 | Orc:2    | Bought a jewelled scale mail for 243 gold pieces
 24187 | Orc:2    | Identified the cursed +0 scale mail of the Circus Animal
                  | {MR- Regen+ MP+9} (You bought it in a shop on level 2 of
                  | the Orcish Mines)
 24191 | Orc:2    | Bought a runed helmet for 202 gold pieces
 24252 | Orc:2    | Bought a shimmering leather armour for 245 gold pieces
 24252 | Orc:2    | Identified the +3 leather armour of Cigik {MR+ SInv} (You
                  | bought it in a shop on level 2 of the Orcish Mines)
 24265 | Orc:2    | Bought a shiny scale mail for 245 gold pieces
 24265 | Orc:2    | Bought an embroidered cloak for 262 gold pieces
 24393 | Orc:1    | Bought a potion of haste for 160 gold pieces
 24955 | D:13     | Found a gate leading to a gauntlet.
 24968 | Gauntlet | Entered a Gauntlet
 24968 | Gauntlet | Found a transporter.
 24968 | Gauntlet | Found a transporter.
 24972 | Gauntlet | Found a transporter.
 24996 | Gauntlet | Found a transporter.
 25006 | Gauntlet | Found a transporter.
 25006 | Gauntlet | Found a transporter.
 25009 | Gauntlet | Found a transporter.
 25036 | Gauntlet | Found a transporter.
 25043 | Gauntlet | Found a transporter.
 25054 | Gauntlet | Found a transporter.
 25061 | Gauntlet | Found a transporter.
 25106 | Gauntlet | Found a transporter.
 25126 | Gauntlet | Found a transporter.
 25205 | Gauntlet | Found a transporter.
 25220 | Gauntlet | Found a transporter.
 25238 | Gauntlet | Found a transporter.
 25507 | Gauntlet | Got a heavily runed sapphire amulet
 25517 | Gauntlet | Got a pair of distressingly furry boots
 25532 | Gauntlet | Identified the amulet "Riepnar" {+Rage Int+4} (You found it
                  | in a Gauntlet)
 25533 | Gauntlet | Identified the cursed -3 pair of boots of Goul Kyr {MR+
                  | Regen+ Str-2 Slay+3} (You found it in a Gauntlet)
 25566 | Gauntlet | Got a heavily runed wooden ring
 25567 | Gauntlet | Identified the ring "Fegahy" {rPois rF+ Int+2 Dex-4 SInv}
                  | (You found it in a Gauntlet)
 25594 | Gauntlet | Identified the Incunabulum of Translocation and Hexes
 25650 | Gauntlet | Identified the Disquisition on Enchantment
 25860 | D:13     | Got a polished long sword
 25861 | D:13     | Identified the +6 long sword "Lotsauk" {freeze, *Drain
                  | rPois rN++ Dex+4} (You found it on level 13 of the Dungeon)
 26988 | D:14     | Found a gate to the Vaults.
 27098 | D:14     | Reached XP level 16. HP: 85/96 MP: 17/20
 27522 | D:15     | Entered Level 15 of the Dungeon
 28058 | D:15     | Noticed Nessos
 28291 | D:15     | Reached skill level 13 in Stealth
 28873 | D:15     | Found a staircase to the Depths.
 28979 | D:15     | Killed Nessos
 29224 | Spider:1 | Entered Level 1 of the Spider Nest
 30932 | Spider:2 | Noticed Jorgrun
 30947 | Spider:2 | Killed Jorgrun
 30947 | Spider:2 | Reached XP level 17. HP: 90/101 MP: 21/21
 31090 | Spider:2 | Noticed Arachne
 31112 | Spider:2 | Killed Arachne
 31112 | Spider:2 | Reached skill level 14 in Stealth
 31211 | Spider:2 | Noticed Frances
 31224 | Spider:2 | Killed Frances
 31398 | Spider:2 | Paralysed by a hornet for 1 turns
 33710 | Spider:4 | Entered Level 4 of the Spider Nest
 33919 | Spider:3 | Reached skill level 15 in Stealth
 34868 | Spider:4 | Learned a level 2 spell: Slow
 35011 | Spider:4 | Reached XP level 18. HP: 83/107 MP: 19/22
 35235 | Spider:4 | Got a gossamer rune of Zot
 35479 | Swamp:1  | Entered Level 1 of the Swamp
 35613 | Swamp:1  | Identified Roxanne's Incunabulum of Moulding
 35613 | Swamp:1  | Noticed Roxanne
 35726 | Swamp:1  | Found a runed translucent door.
 35735 | Swamp:1  | Noticed LostGamesStreakFreak's ghost (journeyman TrAK)
 36785 | Swamp:2  | Reached skill level 10 in Shields
 36788 | Swamp:2  | Got a smelly scale mail
 36789 | Swamp:2  | Identified the +1 scale mail of the Flute {Str+2 Int-5
                  | SInv} (You found it on level 2 of the Swamp)
 36906 | Swamp:2  | Reached skill level 16 in Stealth
 37013 | Swamp:2  | Reached XP level 19. HP: 112/112 MP: 23/23
 37152 | Swamp:2  | You fall into a shaft and drop 1 floor!
 37188 | Swamp:3  | Found an ancient bone altar of Kikubaaqudgha.
 38292 | Swamp:3  | Noticed Bai Suzhen
 38715 | Swamp:3  | Killed Bai Suzhen
 39077 | Swamp:4  | Entered Level 4 of the Swamp
 39176 | Swamp:4  | Noticed Louise
 39190 | Swamp:4  | Killed Louise
 39866 | Swamp:4  | Reached XP level 20. HP: 119/119 MP: 24/24
 39877 | Swamp:4  | Noticed Kirke
 39889 | Swamp:4  | Killed Kirke
 40196 | Swamp:4  | Reached skill level 17 in Stealth
 40398 | Swamp:4  | Got a decaying rune of Zot
 40795 | Vaults:1 | Entered Level 1 of the Vaults
 41008 | Vaults:1 | Found Ciwnem's Antique Armour Shop.
 42150 | Vaults:1 | Got an ichor-stained chain mail
 42151 | Vaults:1 | Identified the cursed +0 chain mail of a Billion Emperors
                  | {Str+3} (You found it on level 1 of the Vaults)
 42395 | Vaults:1 | Found Ypseloik's General Store.
 42459 | Vaults:1 | Reached skill level 18 in Stealth
 42687 | Vaults:1 | Found a gateway to a bazaar.
 42707 | Bazaar   | Entered a bazaar
 42707 | Bazaar   | Found Pynkorr's Antique Weapon Shoppe.
 42707 | Bazaar   | Found Reudihy's Book Emporium.
 42711 | Bazaar   | Found Dokuketufi's Assorted Antiques.
 42725 | Bazaar   | Found Hoekhli's Book Emporium.
 42747 | Bazaar   | Bought a scroll of enchant armour for 210 gold pieces
 42747 | Bazaar   | Bought a scroll labeled KUH CO PYCHEM for 28 gold pieces
 42747 | Bazaar   | Bought a scroll labeled KUH CO PYCHEM for 28 gold pieces
 42757 | Bazaar   | Bought a book of Minor Magic for 180 gold pieces
 42760 | Bazaar   | Learned a level 2 spell: Blink
 42991 | Vaults:2 | Found Toxkad's Antique Armour Emporium.
 42999 | Vaults:2 | Bought an ancient ring mail for 189 gold pieces
 42999 | Vaults:2 | Bought a faintly humming helmet for 199 gold pieces
 43010 | Vaults:2 | Identified the cursed -4 helmet of Icuoraun {rN+++ Regen+
                  | Str-4 Stlth-} (You bought it in a shop on level 2 of the
                  | Vaults)
 43021 | Vaults:2 | Identified the +1 ring mail "Uteam" {rF+ rN+} (You bought
                  | it in a shop on level 2 of the Vaults)
 43034 | Vaults:2 | Noticed a Tzitzimitl
 44036 | Vaults:2 | Found a staircase to the Crypt.
 44077 | Vaults:2 | Found an ancient bone altar of Kikubaaqudgha.
 44093 | Vaults:2 | You fall into a shaft and drop 2 floors!
 44324 | Vaults:3 | Noticed Mara
 44326 | Vaults:3 | Killed Mara
 44326 | Vaults:3 | Reached XP level 21. HP: 123/123 MP: 25/25
 44333 | Vaults:3 | Noticed Agnes
 44333 | Vaults:3 | Noticed Asterion
 44333 | Vaults:3 | Noticed Sojobo
 44362 | Vaults:4 | Found Gozag's Antique Weapon Shop.
 44365 | Vaults:4 | Found an opulent altar of Gozag.
 44817 | Vaults:4 | Killed Asterion
 44949 | Vaults:4 | Killed Sojobo
 45066 | Vaults:4 | Killed Agnes
 45798 | Vaults:2 | Found a runed translucent door.
 45799 | Vaults:2 | Noticed TPoD's ghost (adept HOMo)
 45840 | Vaults:2 | Killed TPoD's ghost
 46282 | Vaults:3 | Found Cyoblirr's Jewellery Emporium.
 46538 | Vaults:3 | Reached skill level 19 in Stealth
 47480 | Vaults:4 | Identified a scroll of acquirement
 47482 | Vaults:4 | Got a vibrating ivory amulet
 47483 | Vaults:4 | Identified the amulet "Zesyp" {Acrobat rF+} (You acquired
                  | it on level 4 of the Vaults)
 48038 | Vaults:4 | Found Gozag's Assorted Antiques.
 48110 | Vaults:4 | Reached XP level 22. HP: 129/129 MP: 26/26
 48147 | Vaults:4 | Found Gozag's Assorted Antiques.
 48451 | Vaults:4 | Identified the amulet of Coopop {RegenMP rN+ Stlth+} (You
                  | acquired it on level 4 of the Vaults)
 48574 | Vaults:4 | Reached skill level 5 in Summonings
 48925 | Vaults:4 | Found a glowing silver altar of Zin.
 49269 | Elf:1    | Entered Level 1 of the Elven Halls
 49525 | Elf:1    | Found a flickering gateway to a bazaar.
 49547 | Bazaar   | Entered a bazaar
 49547 | Bazaar   | Found Ketudoits's Antique Weapon Emporium.
 49547 | Bazaar   | Found Hisa's Antique Armour Shoppe.
 49547 | Bazaar   | Found Haxod's Antique Armour Emporium.
 49549 | Bazaar   | Found Sigiaff's Weapon Shoppe.
 49560 | Bazaar   | Bought a distressingly furry chain mail for 285 gold pieces
 49560 | Bazaar   | Bought a runed helmet for 225 gold pieces
 49574 | Bazaar   | Identified the +8 chain mail "Liufuer" {-Cast +Blink rElec
                  | Regen+} (You bought it in a shop in a bazaar)
 50465 | Elf:1    | Identified the Tome of Attacks
 50684 | Elf:2    | Found Usaw's Food Shop.
 50799 | Elf:2    | Found Tampeazaxo's Book Shop.
 51172 | Elf:2    | Found Duvul's Weapon Shop.
 51253 | Elf:2    | Found a huge runed translucent gate.
 51254 | Elf:2    | Found a huge runed translucent gate.
 51262 | Elf:2    | Found a huge runed translucent gate.
 51262 | Elf:2    | Found a huge runed translucent gate.
 51262 | Elf:2    | Found a huge runed translucent gate.
 51778 | Elf:2    | Reached skill level 10 in Dodging
 51806 | Elf:2    | Reached skill level 10 in Armour
 52289 | Elf:3    | Entered Level 3 of the Elven Halls
 52472 | Elf:3    | Found Faaf's Food Boutique.
 52772 | Elf:3    | Identified the +4 rapier "Xyithyugh" {venom, rF+ Dex+2}
                  | (You found it on level 3 of the Elven Halls)
 53407 | Elf:3    | Reached XP level 23. HP: 134/134 MP: 27/27
 53409 | Elf:3    | Reached skill level 20 in Stealth
 53619 | Elf:3    | Identified the +7 falchion of Execution {holy, rPois rN+
                  | Str+4 Dex+4}
 53756 | Elf:3    | Identified the +2 large shield of Mumblety Peg {Stlth+}
 53834 | Elf:3    | Identified the +8 scythe "Gassunli" {holy, *Corrode rC+++
                  | SInv}
 53990 | Elf:3    | Identified the cursed +3 short sword of Suicidal Tendencies
                  | {antimagic, rPois}
 53990 | Elf:3    | Identified the ring "Vewihyck" {Wiz +Inv rPois MP-9 Int+4}
 54085 | Elf:3    | Identified the amulet "Jilynoj" {Harm *Drain rPois Int+2}
 54148 | Elf:3    | Identified the +3 chain mail of Qeriu {Dex+4} (You found it
                  | on level 3 of the Elven Halls)
 54165 | Elf:3    | Identified the +2 helmet "Dolom" {+Blink Str-3 Int+7} (You
                  | found it on level 3 of the Elven Halls)
 54517 | Orc:2    | Bought a scroll of identify for 32 gold pieces
 54736 | Elf:3    | Identified the +7 plate armour of the Hot Ocelot {MR- Str+8
                  | Int+3 SInv} (You found it on level 3 of the Elven Halls)
 54744 | Elf:3    | Learned a level 6 spell: Invisibility
 55059 | Depths:1 | Entered Level 1 of the Depths
 55215 | D:15     | Reached skill level 1 in Evocations
 55644 | D:15     | Shot with a bolt by a yaktaur captain

Levels and vault maps discovered:
D:1:      shiori_arrival_whats_in_store_for_you, layout_basic,
          minmay_shallow_snake_nest
D:2:      layout_basic
D:3:      layout_basic, gup_sewer_entry_pipe
D:4:      layout_cave_pods, grunt_temple_overflow_holy_war
D:5:      layout_cave_pools, kennysheep_little_box, okawaru_ov_weapons_minmay,
          minmay_temple_entry_from_below_a, first_ration, uniq_duvessa
D:6:      layout_basic, trog_three_pillars_becter
D:7:      layout_gridville, kennysheep_mini, dancing_weapons_uskayaw,
          gammafunk_ghost_cemetery
D:8:      wander_guarded_unrand_ratskin, layout_basic, lemuel_crystal_altar,
          nicolae_dithmenos_through_a_glass_darkly,
          gammafunk_temple_overflow_elements
D:9:      layout_irregular_city, lemuel_crystal_altar, lemuel_doored_altar,
          lair_entry_dummy, david_orc_2, serial_shops, shop, uniq_pikel
D:10:     layout_cave_pools, gammafunk_ghost_wrathful_warriors, serial_shops,
          shop, hangedman_pestilent_swarm, roderic_roman_lattice, minivault_5
D:11:     layout_loops_corners, serial_shops, nicolae_shop_trees, uniq_erica
D:12:     layout_basic, uniq_snorg
D:13:     layout_basic, gauntlet_entry_generic
D:14:     layout_roguey, david_vaults_1
D:15:     grunt_enter_depths_hoard, layout_loops_ring,
          chequers_serial_rivers_room_a, uniq_nessos
Temple:   jpeg_temple_alley_garden
Lair:1:   layout_gridlike, pond
Lair:2:   layout_loops_ring, palyth_hydra_swamp_entry, portal_ice_cave_rime,
          lemuel_fruit_fields, lemuel_fruit_fields
Lair:3:   layout_concentric_octagons, nicolae_spider_entry_orb_guardian,
          serial_bayou_lagoon_b, uniq_sonja
Lair:4:   layout_concentric_octagons, serial_rivers,
          chequers_serial_rivers_micro_d, chequers_serial_rivers_small_b,
          chequers_serial_rivers_micro_b, chequers_serial_rivers_small_3,
          chequers_serial_rivers_marsh, chequers_serial_rivers_micro_c
Lair:5:   layout_concentric_octagons, uniq_josephine
Lair:6:   minmay_lair_end_enchanted_forest, layout_loops_ring, slime_altar_1
Swamp:1:  layout_falls_marsh, ebering_ghost_inner_flame,
          evilmike_swamp_ruin_house_6, uniq_roxanne
Swamp:2:  layout_falls_marsh, hangedman_swamp_blocks, swamp_pool4
Swamp:3:  layout_basic_swamp, nicolae_swamp_godswood, swamp_pool5,
          nicolae_swamp_trees_clearing, uniq_bai_suzhen
Swamp:4:  swamp_vile, layout_basic_swamp, uniq_louise, uniq_kirke
Spider:1: layout_spider_delve
Spider:2: layout_chambers, uniq_frances, uniq_arachne, uniq_jorgrun
Spider:3: nicolae_spider_hall_of_the_moth_king
Spider:4: grunt_spider_rune_circles
Orc:1:    layout_caves, serial_shops, shop, shop, shop, basic_altar
Orc:2:    kennysheep_orc_mage_school, layout_diamond_mine, uniq_saint_roka
Elf:1:    elf_arrival_001, layout_geoelf_octagon, serial_shops, bzr_entry_dummy,
          minmay_elf_annihilation
Elf:2:    layout_onion_city, serial_shops, nicolae_shop_behind_doors,
          nicolae_shop_waterfront, shop
Elf:3:    grunt_elf_hall_diamonds, layout_geoelf_castle, serial_shops, shop
Vaults:1: grunt_vaults_funnel, v_misc_14, hangedman_vaults_capsules,
          nicolae_vaults_twisting_passages, nicolae_vaults_little_squares_4,
          nicolae_vaults_network_quinsquares
          [nicolae_vaults_network_quincunx_subvault,
          nicolae_vaults_network_quincunx_subvault,
          nicolae_vaults_network_quincunx_subvault,
          nicolae_vaults_network_quincunx_subvault], hangedman_vaults_slice,
          nicolae_vaults_mini_display_case, layout_vaults_omnigrid,
          serial_shops, freezing_bzr, nicolae_shop_statue_plus, shop_coins
Vaults:2: gammafunk_vaults_ghost_grave, minmay_crypt_entry_simple_walls,
          nicolae_vaults_alarming, st_cells,
          vaults_room_grunt_arrival_checkpoint, nicolae_vaults_circle_grid_b,
          ontoclasm_vaults_spin, v_misc_11, layout_vaults_big_room,
          serial_shops, shop, basic_altar
Vaults:3: v_misc_15, sword_in_stone, vaults_mumra_lcd, ontoclasm_vaults_idyll,
          v_misc_29, nicolae_vaults_circle_grid_b, v_misc_2, v_misc_22,
          vaults_room_semicircle, ontoclasm_vaults_hangar,
          vaults_standard_mumra_x, layout_vaults_maze, serial_shops, shop,
          uniq_mara
Vaults:4: grunt_vaults_swirl, v_misc_33, ontoclasm_vaults_ligature,
          ontoclasm_vaults_pinch, kennysheep_vaults_gozag_temple,
          vaults_room_pool, hangedman_vaults_unwind, v_misc_13,
          nicolae_vaults_little_ls, hangedman_vaults_pinch,
          nicolae_vaults_gold_heap, nicolae_vaults_circle_grid_b,
          dpeg_vaults_monster_box, layout_vaults_omnibox, basic_altar
Depths:1: layout_big_octagon, enter_ziggurat_e, grunt_hell_horde,
          minmay_swirly_circle, uniq_enchantress

Skill      XL: |  1  2  3  4  5  6  7  8  9 10 11 12 13 14 15 16 17 18 19 20 21 22 23 |
---------------+----------------------------------------------------------------------+-----
Short Blades   | 2 3 4 5 6 7 9 10 11 12 13 14 | 14.0
Stealth        | 5 6 8 9 11 12 13 15 16 18 19 20 | 20.4
Fighting       | 2 3 4 11 13 14 15 16 17 18 19 | 19.2
Throwing       | 2 |  2.0
Dodging        | 1 2 3 4 5 6 8 9 10 | 10.8
Shields        | 1 2 4 6 7 9 11 12 13 14 | 14.6
Hexes          | 1 2 4 6 8 9 |  9.0
Spellcasting   | 1 2 |  2.0
Summonings     | 2 3 4 6 |  6.0
Necromancy     | 2 4 |  4.0
Translocations | 2 3 4 |  4.4
Armour         | 2 5 6 8 9 10 | 10.8
Evocations     | 1 |  1.4

Action                   |  1- 3 |  4- 6 |  7- 9 | 10-12 | 13-15 | 16-18 | 19-21 | 22-24 || total
-------------------------+-------+-------+-------+-------+-------+-------+-------+-------++-------
Melee: Dagger            |    39 |   292 |   352 |   767 |  1876 |  1427 |  1778 |  1104 ||  7635
       Bite              |    13 |    93 |   135 |   326 |   785 |   743 |   947 |   560 ||  3602
       Scimitar          |       |       |       |    15 |    34 |    94 |       |       ||   143
       Unarmed           |       |       |       |       |       |       |       |     1 ||     1
Throw: Dart              |    40 |    94 |    60 |    19 |     5 |     3 |     4 |     1 ||   226
 Cast: Confusing Touch   |       |       |     1 |     4 |    28 |    83 |   261 |   196 ||   573
       Animate Skeleton  |       |       |       |       |     7 |       |    60 |    76 ||   143
       Slow              |       |       |       |       |       |     3 |       |       ||     3
Invok: Lunge             |       |       |    18 |    69 |   159 |   121 |   138 |   105 ||   610
       Whirlwind         |       |       |     1 |    26 |    56 |    88 |    57 |    39 ||   267
 Abil: Wall Jump         |       |       |       |     1 |       |       |       |       ||     1
Evoke: Wand              |       |       |     2 |     3 |     1 |     3 |     2 |       ||    11
  Use: Scroll            |       |     9 |     6 |    15 |    13 |     3 |    17 |    11 ||    74
       Potion            |       |     2 |     3 |       |     1 |     2 |       |     1 ||     9
 Stab: Sleeping          |     1 |     6 |    21 |    17 |    45 |    51 |    43 |    44 ||   228
       Distracted        |       |       |     1 |     6 |     5 |     2 |     6 |     4 ||    24
       Confused          |       |       |     1 |     5 |    25 |    82 |   225 |   164 ||   502
       Petrified         |       |       |       |       |     1 |       |       |       ||     1
       Held in net/web   |       |       |       |       |       |     1 |       |       ||     1
  Eat: Chunk             |     1 |    28 |    10 |    13 |    38 |    28 |    30 |    28 ||   176
       Ration            |       |       |       |     1 |     1 |     2 |     6 |     1 ||    11
Armor: Robe              |     2 |       |       |       |       |       |       |       ||     2
       Ring mail         |     5 |   126 |    71 |    12 |       |       |       |       ||   214
       Scale mail        |       |       |       |    84 |   247 |   394 |   251 |   129 ||  1105
       Troll leather arm |       |       |       |    18 |       |       |       |       ||    18
       Acid dragon scale |       |       |       |     1 |       |       |       |       ||     1
       Skin              |       |       |       |       |       |    13 |       |       ||    13
       Ice dragon scales |       |       |       |       |       |     5 |       |       ||     5
       Storm dragon scal |       |       |       |       |       |       |    10 |       ||    10
Dodge: Dodged            |    15 |   140 |   141 |   169 |   392 |   452 |   286 |   176 ||  1771
Block: Buckler           |       |       |    14 |   179 |   411 |    68 |       |       ||   672
       Reflection        |       |       |       |     1 |     9 |     7 |    44 |    57 ||   118
       Shield            |       |       |       |       |       |   767 |   814 |   486 ||  2067
       Rpst.: Scimitar   |       |       |       |     5 |     2 |     9 |       |       ||    16
